Map: 2000 Atmospheres LE

Players

DPGrogue (Rogue) - Winner!

  • Race: Zerg Zerg

LiquidClem (Clem)

  • Race: Terran Terran

Event: StayAtHome Story Cup #4

VOD

Have the link to the VOD?

Description

Time

  • Played on: Oct. 22, 2021, 9:55 a.m.
  • Length: 17:27

All games in this series

Show
View Real Time Build Order
Export as new Build Order

DPGrogue Zerg - Winner!

Build Orders: Hatch First 

Get SALT Encoding   

  12  0:00  Drone  
  13  0:12  Overlord  
  13  0:17  Drone  
  14  0:31  Drone x2  
  16  0:47  Hatchery  
  15  0:51  Drone  
  15  0:54  Drone  
  17  0:57  Drone  
  18  1:09  Extractor  
  17  1:13  Spawning Pool  
  17  1:15  Drone  
  17  1:18  Drone  
  18  1:29  Drone  
  19  1:39  Drone  
  20  1:50  Drone  
  21  1:59  Queen  
  21  2:00  Queen, Zergling x4  
  27  2:10  Zergling x2  
  27  2:11  Overlord  
  28  2:23  Hatchery, Drone  
  28  2:32  Drone  
  28  2:36  Drone x2  
  31  2:41  Queen  
  32  2:52  Metabolic Boost, Overlord  
  32  2:54  Drone x2  
  32  2:57  Drone  
  35  3:11  Drone x2  
  37  3:14  Drone x3  
  37  3:17  Queen  
  37  3:19  Overlord  
  42  3:21  Drone  
  43  3:34  Queen  
  43  3:35  Overlord  
  43  3:37  Drone x3  
  48  3:42  Queen  
  48  3:46  Drone x2  
  52  3:49  Zergling x2  
  52  3:50  Zergling x4  
  52  3:52  Overlord  
  55  3:56  Queen  
  55  4:00  Drone  
  55  4:01  Drone  
  59  4:03  Drone x2  
  59  4:05  Drone  
  59  4:08  Drone  
  59  4:09  Drone x2  
  65  4:13  Overlord  
  66  4:17  Drone x4  
  66  4:22  Queen  
  71  4:24  Overlord  
  71  4:27  Overlord  
  71  4:32  Queen  
  71  4:36  Spore Crawler  
  71  4:38  Drone  
  73  4:46  Drone  
  73  4:47  Zergling x16  
  73  4:49  Lair  
  82  4:54  Spore Crawler  
  82  4:56  Extractor  
  82  4:59  Queen  
  80  5:02  Zergling x8  
  80  5:06  Drone x2  
  83  5:14  Drone  
  83  5:15  Drone x6  
  83  5:19  Drone  
  86  5:26  Drone  
  86  5:28  Drone, Extractor  
  88  5:29  Extractor  
  88  5:30  Spore Crawler, Extractor x2  
  88  5:31  Drone x3  
  88  5:33  Baneling Nest  
  85  5:42  Drone  
  86  5:43  Drone x2  
  86  5:46  Hatchery  
  87  5:50  Drone x2  
  87  5:52  Drone, Spire  
  87  5:53  Drone, Overlord  
  87  5:54  Overlord  
  90  5:58  Overlord  
  90  6:00  Overlord  
  90  6:01  Overlord  
  90  6:06  Overlord x2  
  90  6:08  Overlord  
  90  6:17  Centrifugal Hooks  
  89  6:20  Drone  
  89  6:21  Drone x3  
  89  6:22  Drone  
  89  6:23  Evolution Chamber  
  89  6:25  Evolution Chamber  
  92  6:27  Drone x8  
  92  6:28  Drone  
  101  6:33  Overlord  
  100  6:42  Zergling x4  
  102  6:47  Hatchery  
  102  6:48  Zergling x2  
  102  6:49  Zergling x4  
  102  6:52  Extractor  
  102  7:07  Mutalisk, Zergling x6  
  102  7:08  Mutalisk x6  
  102  7:09  Zerg Ground Armor Level 1, Zerg Flyer Weapons Level 1  
  102  7:10  Zerg Melee Weapons Level 1  
  102  7:14  Mutalisk  
  108  7:16  Zergling x4  
  108  7:17  Zergling x2  
  108  7:22  Drone x4  
  114  7:24  Hatchery, Zergling x6  
  114  7:25  Zergling x2  
  114  7:26  Mutalisk  
  119  7:32  Mutalisk  
  119  7:34  Mutalisk  
  123  7:38  Drone x3  
  123  7:42  Overseer  
  123  7:43  Drone  
  127  7:46  Mutalisk  
  127  7:48  Hatchery  
  127  7:53  Drone x4  
  127  7:54  Drone x5  
  136  7:59  Zergling x6  
  139  8:07  Mutalisk x4  
  140  8:14  Zergling x2  
  140  8:15  Zergling x10  
  144  8:20  Mutalisk x3  
  144  8:23  Baneling x2  
  144  8:24  Zergling x10  
  144  8:26  Extractor, Zergling x2  
  155  8:29  Overlord x2  
  155  8:33  Baneling x4  
  155  8:35  Baneling x5  
  155  8:36  Zergling x6  
  155  8:37  Zergling x4  
  155  8:42  Baneling x2  
  155  8:43  Baneling x4, Zergling x2  
  155  8:44  Zergling x8  
  161  8:48  Zergling x10  
  159  8:58  Zergling x20  
  155  9:03  Zergling x6  
  155  9:05  Mutalisk x2  
  155  9:09  Zergling x8  
  160  9:12  Zergling x2  
  160  9:15  Mutalisk x2  
  160  9:19  Zergling x2  
  160  9:20  Zergling x12  
  160  9:21  Zergling x2  
  165  9:26  Zerg Ground Armor Level 2  
  164  9:32  Zerg Melee Weapons Level 2  
  164  9:33  Infestation Pit  
  164  9:34  Drone x5  
  168  9:42  Zerg Flyer Weapons Level 2  
  168  9:44  Zergling x2  
  169  9:49  Zergling x22  
  169  9:52  Baneling x6  
  177  9:53  Baneling  
  177  9:54  Baneling  
  177  9:56  Zergling x2  
  178  10:01  Drone  
  178  10:02  Drone x7  
  178  10:06  Baneling  
  186  10:07  Baneling, Pneumatized Carapace  
  186  10:09  Zergling x10  
  186  10:11  Zergling x2  
  186  10:12  Zergling x2  
  193  10:14  Overlord  
  193  10:15  Baneling x7  
  193  10:16  Baneling  
  193  10:20  Hive  
  193  10:23  Drone  
  193  10:26  Drone  
  193  10:27  Spore Crawler  
  178  10:44  Hatchery, Zergling x2  
  178  10:46  Zergling x2  
  178  10:47  Zergling x40  
  199  10:58  Zergling x2  
  192  11:06  Zergling x14  
  192  11:09  Hatchery  
  192  11:10  Zergling x2  
  199  11:11  Baneling x7  
  199  11:12  Baneling x23  
  199  11:20  Zergling x2  
  199  11:24  Zergling x2  
  199  11:27  Zergling x2  
  199  11:31  Overseer  
  199  11:32  Overseer  
  200  11:36  Adrenal Glands  
  200  11:37  Ultralisk Cavern  
  200  11:38  Zergling x2  
  199  11:42  Burrow  
  199  11:51  Zergling x2  
  199  11:52  Zerg Ground Armor Level 3  
  199  11:53  Zerg Melee Weapons Level 3  
  200  11:59  Extractor  
  200  12:01  Zergling x2  
  200  12:07  Hatchery  
  200  12:08  Zergling x14  
  195  12:16  Zergling x2  
  195  12:17  Zergling x10  
  162  12:22  Zergling x2  
  162  12:23  Zergling x48  
  162  12:24  Zergling x20  
  162  12:29  Zergling x2  
  193  12:32  Chitinous Plating  
  189  12:38  Ultralisk  
  189  12:41  Zergling x8  
  199  12:49  Baneling x12  
  192  13:03  Ultralisk  
  189  13:06  Zergling x22  
  189  13:07  Zergling x4  
  189  13:09  Zergling x2  
  193  13:16  Ultralisk x2  
  193  13:19  Zergling x2  
  195  13:25  Drone, Zerg Flyer Weapons Level 3  
  195  13:26  Drone x7, Zergling x2  
  200  13:33  Baneling x27  
  199  13:51  Anabolic Synthesis  
  199  13:55  Zergling x2  
  190  14:04  Mutalisk  
  190  14:05  Mutalisk x6  
  191  14:13  Zergling x16  
  189  14:39  Zergling x14  
  189  14:40  Zergling x6  
  193  14:51  Ultralisk x2  
  193  14:52  Zergling x4  
  199  14:56  Zergling x8  
  199  14:57  Zergling x2  
  198  15:03  Zergling x2  
  198  15:04  Zergling x2  
  194  15:15  Baneling x17  
  194  15:16  Baneling x7  
  194  15:17  Zergling x12  
  198  15:37  Zergling x2  
  198  15:40  Zergling x2  
  198  15:41  Spine Crawler  
  198  15:42  Zergling x2  
  200  15:44  Baneling x4  
  200  15:45  Baneling x12  
  188  16:00  Ultralisk x3  
  188  16:02  Zergling x14  
  188  16:03  Zergling x6  
  198  16:06  Zergling x4  
  198  16:07  Zergling x22  
  198  16:09  Zergling x2  
  198  16:10  Zergling x8  
  198  16:17  Zergling x12  
  195  16:27  Zergling x2  
  195  16:28  Zergling x8  
  198  16:33  Baneling x2, Zergling x2  
  198  16:34  Baneling x18  
  193  16:41  Drone x3  
  193  16:42  Drone x4  
  200  16:50  Hatchery, Zergling x6  
  200  16:51  Zergling x28  
  196  16:55  Zergling x2  
  196  16:57  Zergling x2  
  196  16:58  Zergling x14  
  196  17:01  Zergling x2  
  199  17:03  Zergling x2  
Show
View Real Time Build Order
Export as new Build Order

LiquidClem Terran 

Build Orders: Reaper Expand 

Get SALT Encoding   

  12  0:00  SCV  
  13  0:12  SCV  
  14  0:17  Supply Depot  
  14  0:24  SCV  
  15  0:38  SCV  
  15  0:40  Barracks  
  16  0:43  Refinery  
  16  0:50  SCV  
  17  1:02  SCV  
  18  1:15  SCV  
  19  1:27  Reaper, Orbital Command  
  20  1:39  Command Center  
  20  1:47  Supply Depot  
  20  1:53  SCV  
  21  1:59  Marine  
  22  2:05  SCV  
  23  2:09  Factory  
  23  2:13  Refinery  
  23  2:17  SCV  
  24  2:22  Barracks Reactor  
  24  2:29  SCV  
  25  2:42  SCV  
  26  2:52  Orbital Command  
  26  2:54  Starport  
  26  2:55  SCV  
  27  3:03  Hellion x2  
  31  3:07  SCV  
  31  3:10  Barracks Tech Lab  
  32  3:14  Supply Depot  
  32  3:19  SCV x2  
  34  3:25  Hellion x2  
  38  3:30  Marauder  
  38  3:31  SCV  
  38  3:34  Viking  
  43  3:37  SCV  
  44  3:41  Supply Depot  
  44  3:43  SCV  
  45  3:49  SCV  
  45  3:52  Marauder  
  45  3:55  SCV, Concussive Shells  
  49  4:01  Hellion  
  51  4:03  Hellion  
  51  4:04  Medivac  
  51  4:05  Supply Depot  
  55  4:13  SCV x2, Armory  
  57  4:19  Marauder  
  57  4:22  Hellion  
  61  4:25  SCV  
  61  4:26  SCV  
  61  4:27  Hellion  
  61  4:30  Supply Depot  
  65  4:37  SCV  
  66  4:42  SCV  
  66  4:43  Stimpack  
  67  4:50  Hellion  
  67  4:51  SCV  
  67  4:52  Command Center  
  70  4:54  Hellion  
  70  4:58  Supply Depot, SCV  
  73  5:03  SCV  
  72  5:09  Hellion  
  72  5:10  SCV, Hellion x2, Marine  
  68  5:15  SCV  
  68  5:21  Starport Reactor  
  61  5:22  Barracks x2, Hellion, SCV  
  61  5:25  Hellion  
  61  5:27  SCV  
  61  5:28  Marine  
  68  5:32  Engineering Bay  
  68  5:34  SCV, Engineering Bay  
  69  5:39  SCV, Refinery  
  69  5:40  Refinery  
  70  5:44  Hellion  
  70  5:45  Marine  
  70  5:46  Hellion  
  70  5:47  SCV  
  76  5:52  Supply Depot  
  76  5:53  SCV  
  77  5:58  Terran Infantry Weapons Level 1  
  77  5:59  SCV  
  77  6:01  Terran Infantry Armor Level 1  
  77  6:03  Marine  
  79  6:05  SCV  
  79  6:07  Orbital Command  
  80  6:11  Barracks Reactor  
  80  6:15  Starport Reactor  
  80  6:18  Barracks, SCV x2  
  82  6:20  Barracks  
  82  6:22  Factory Tech Lab, Marine x2  
  82  6:23  Marine  
  82  6:24  Marine  
  86  6:26  Orbital Command, Combat Shield  
  86  6:28  Marine  
  87  6:36  SCV  
  87  6:38  SCV  
  87  6:39  Marine  
  89  6:40  Marine  
  89  6:43  Supply Depot  
  89  6:44  Siege Tank  
  94  6:48  SCV  
  94  6:49  Marine  
  94  6:50  Supply Depot, Marine  
  94  6:52  SCV  
  94  6:53  SCV  
  99  6:57  Marine  
  99  7:00  SCV  
  97  7:01  Marine  
  97  7:04  SCV  
  97  7:05  SCV  
  97  7:06  Barracks Reactor x2  
  97  7:08  Marine  
  95  7:11  Marine  
  95  7:12  SCV  
  95  7:14  Marine  
  90  7:16  SCV, Marine  
  90  7:17  SCV  
  90  7:19  Medivac x2  
  90  7:20  Marine, Siege Tank  
  97  7:24  Supply Depot, Barracks  
  97  7:25  Marine  
  97  7:27  Barracks  
  97  7:29  Barracks  
  98  7:32  Marine  
  98  7:34  Marine x2  
  101  7:40  Supply Depot, Marine  
  101  7:42  Marine  
  101  7:43  Marine x4  
  110  7:47  Missile Turret  
  110  7:48  Missile Turret  
  110  7:50  Marine  
  108  7:52  Marine x2, Medivac x2  
  108  7:53  Siege Tank  
  117  7:59  Terran Infantry Weapons Level 2  
  117  8:00  Missile Turret, Terran Infantry Armor Level 2  
  117  8:02  Supply Depot, Marine x2  
  117  8:03  Marine  
  120  8:09  Marine  
  118  8:13  Marine x2  
  118  8:14  Marine x5  
  118  8:18  Supply Depot, Marine  
  118  8:19  Marine  
  124  8:20  Marine  
  124  8:21  Marine  
  124  8:25  Siege Tank  
  130  8:27  Marine  
  130  8:29  Medivac, Command Center  
  130  8:30  Marine  
  130  8:31  Marine x3  
  136  8:34  Marine  
  136  8:38  Marine  
  138  8:42  Command Center  
  138  8:43  Marine x2  
  138  8:45  Marine x2  
  142  8:50  Marine x3  
  142  8:51  Marine x3  
  142  8:53  Marine  
  147  8:56  Marine  
  147  8:57  Siege Tank  
  147  9:00  Marine  
  147  9:01  Marine  
  147  9:02  Medivac  
  132  9:03  Marine  
  132  9:04  Marine  
  132  9:07  Medivac  
  132  9:08  Marine x3  
  132  9:09  Marine x2  
  128  9:16  Marine x2  
  118  9:18  Marine x2  
  118  9:20  Marine  
  118  9:23  Marine x2  
  117  9:26  Marine x3  
  117  9:27  Marine  
  117  9:28  Marine  
  117  9:29  Siege Tank  
  125  9:32  Medivac  
  125  9:33  Factory  
  125  9:34  Marine x2  
  125  9:36  Marine  
  125  9:37  Medivac  
  125  9:38  Marine  
  132  9:40  Missile Turret, Marine  
  132  9:41  Drilling Claws, Marine  
  132  9:42  Marine  
  136  9:49  Marine  
  136  9:50  Marine  
  136  9:51  Marine  
  136  9:52  Marine x2  
  141  9:54  Marine  
  141  9:56  SCV  
  141  9:58  Marine  
  142  10:00  Marine  
  142  10:03  Thor  
  142  10:06  Barracks Reactor, Barracks Tech Lab, Missile Turret  
  148  10:07  Marine  
  148  10:08  Marine  
  148  10:09  Marine  
  148  10:10  SCV  
  148  10:12  Missile Turret, Barracks Tech Lab  
  152  10:14  Medivac  
  152  10:17  Supply Depot x2  
  152  10:18  Planetary Fortress  
  154  10:22  Marine x2  
  154  10:24  Factory Reactor, Marauder  
  158  10:30  Marine x2  
  158  10:34  Marine x2  
  158  10:35  Marauder  
  164  10:36  Marauder  
  164  10:40  Marine x2  
  164  10:41  Medivac  
  164  10:42  Marine x2  
  161  10:44  Marine  
  161  10:46  Missile Turret  
  161  10:47  Refinery, Marine  
  161  10:48  Marine  
  166  10:52  Marine x2  
  166  10:56  Marauder  
  170  10:57  Marine  
  170  10:58  Marauder  
  170  11:01  Medivac  
  170  11:02  Widow Mine  
  170  11:03  Widow Mine x2  
  177  11:05  Marine, Marauder  
  177  11:07  Supply Depot  
  177  11:08  SCV x2  
  182  11:15  Marine x2  
  182  11:16  Marine  
  182  11:18  Marauder  
  187  11:19  Marauder  
  187  11:24  Command Center  
  187  11:25  Refinery  
  187  11:26  Terran Infantry Weapons Level 3  
  187  11:29  Missile Turret, Marauder  
  187  11:30  Supply Depot  
  189  11:34  Marine  
  189  11:39  Marauder  
  192  11:40  Barracks Tech Lab  
  192  11:43  Marauder  
  192  11:45  Medivac  
  196  11:49  Marine x2  
  196  11:51  Marine x2  
  196  11:52  Marauder  
  200  11:55  Command Center  
  200  12:04  Marine x2  
  200  12:06  Widow Mine  
  199  12:09  Widow Mine  
  199  12:10  Marauder  
  198  12:16  Widow Mine  
  198  12:21  Marauder  
  198  12:22  Marine x2, Medivac x2  
  161  12:23  Marine x2  
  161  12:24  Marine x4  
  161  12:25  Marine  
  161  12:27  Widow Mine  
  153  12:31  Widow Mine, Marine  
  153  12:35  Terran Infantry Armor Level 3  
  156  12:37  Thor  
  156  12:40  Marine x2  
  156  12:42  Marauder  
  166  12:44  Missile Turret  
  166  12:45  Marine x2  
  166  12:46  Marauder  
  166  12:48  Widow Mine, Marauder  
  174  12:53  Marine x2, Marauder  
  174  12:55  Widow Mine  
  174  12:57  Marine  
  174  12:58  Marine  
  172  13:00  Marine  
  172  13:03  Marine x2  
  172  13:04  Marauder  
  169  13:07  Marauder  
  169  13:09  Marine  
  169  13:10  Widow Mine  
  169  13:11  Marine x2  
  158  13:14  Marine  
  158  13:15  Marine x2  
  158  13:18  SCV, Marine  
  158  13:21  SCV, Marine x2  
  158  13:22  SCV  
  158  13:25  Marine  
  158  13:26  Marine  
  163  13:27  Orbital Command  
  163  13:32  Widow Mine  
  165  13:34  SCV  
  165  13:37  Widow Mine, Marine x2  
  170  13:45  SCV, Marine x2  
  170  13:48  Widow Mine, Marine  
  170  13:53  Marauder x2, Marine  
  166  13:56  Widow Mine  
  166  13:58  Marine x2, Marauder  
  166  13:59  Widow Mine  
  166  14:00  SCV  
  172  14:06  Marauder, Marine x2  
  172  14:09  Widow Mine  
  171  14:15  Marine  
  174  14:17  Widow Mine  
  174  14:21  Widow Mine  
  176  14:27  SCV x3  
  176  14:28  SCV, Marauder  
  176  14:31  Widow Mine, Marine x2, Marauder x2  
  186  14:35  Missile Turret  
  186  14:36  Missile Turret  
  187  14:38  Widow Mine  
  187  14:39  Marauder  
  187  14:40  Orbital Command  
  187  14:42  Widow Mine  
  187  14:45  Marine x3  
  184  14:47  Medivac  
  184  14:50  Marauder  
  184  14:52  Widow Mine  
  170  14:54  Marauder  
  170  14:55  Marauder  
  170  14:59  SCV x2  
  150  15:00  Widow Mine  
  150  15:01  Marauder  
  150  15:03  Widow Mine, SCV  
  150  15:05  SCV  
  156  15:07  Marine x2  
  156  15:11  Marauder, Medivac  
  162  15:15  Widow Mine  
  162  15:16  Marauder x2  
  162  15:17  Planetary Fortress  
  162  15:18  SCV  
  162  15:21  SCV  
  169  15:22  Marine  
  169  15:24  Marine x2  
  164  15:28  Medivac  
  164  15:30  Marine  
  164  15:31  Marine  
  164  15:32  Marine  
  164  15:35  Marine  
  169  15:37  Marine  
  169  15:41  Marine  
  169  15:42  Widow Mine, Marine  
  172  15:45  Widow Mine x2, SCV  
  172  15:47  Missile Turret  
  172  15:48  SCV  
  178  15:55  Marauder x2  
  178  15:56  Marauder  
  179  15:58  SCV x2  
  179  16:03  Marauder  
  156  16:13  Missile Turret  
  156  16:14  SCV  
  156  16:16  SCV, Marauder  
  156  16:17  Marauder  
  156  16:18  SCV x2, Marauder, Marine  
  143  16:19  Marine  
  143  16:20  SCV  
  143  16:21  Marine  
  143  16:22  Marine  
  143  16:25  Marauder  
  144  16:26  SCV  
  144  16:28  SCV  
  144  16:29  Marine  
  144  16:30  Widow Mine x2, Marine  
  144  16:32  SCV  
  151  16:34  Widow Mine, SCV  
  151  16:38  Missile Turret  
  154  16:42  Marauder x2  
  154  16:43  Marine  
  154  16:44  Marine  
  158  16:50  Marauder  
  158  16:51  Widow Mine  
  158  16:52  Widow Mine, Marauder  
  150  17:01  Widow Mine  
  150  17:03  Marauder x2  
  141  17:09  Marine x2  
Tags
 
Add a new tag
Caveats
  • Supply blocks, unpowered buildings, or Contaminate may cause inaccurate times.
  • Supply counts are checked every 10 seconds.